 Dungeon Crawl Stone Soup version 0.32-a0-534-ga61f84b8bd (webtiles) character file.

Game seed: 5358075058986756156

84 uoaz the Skirmisher (level 4, -1/38 HPs)
             Began as a Gnoll Hunter on Feb 28, 2024.
             Slain by a gnoll
             ... wielding a +0 spear
              (4 damage)
             ... on level 3 of the Dungeon.
             The game lasted 00:10:00 (1639 turns).

uoaz the Skirmisher (Gnoll Hunter)                  Turns: 1639, Time: 00:10:00

Health: -1/38      AC:  4    Str: 12    XL:     4   Next: 45%
Magic:  5/5        EV: 15    Int:  9    God:
Gold:   143        SH:  0    Dex: 24    Spells: 5/5 levels left

rFire   . . .        E - +0 war axe "Ikluut" {freeze, ^Fragile rN+ Str+2 Dex+7}
rCold   . . .        (no shield)
rNeg    + . .        c - +0 leather armour
rPois   .            (no helmet)
rElec   .            l - +0 cloak
rCorr   .            (no gloves)
SInv    .            (no boots)
Will    +....        (no amulet)
Stlth   +++          d - ring of willpower
HPRegen 0.26/turn    (no ring)
MPRegen 0.09/turn

%: no passive effects
@: no status effects
A: fangs 1, strong nose, distributed training
a: no special abilities


You were on level 3 of the Dungeon.
You visited 1 branch of the dungeon, and saw 3 of its levels.

You collected 143 gold pieces.

Inventory:

Hand Weapons
 a - a +0 shortbow
 f - a +0 club
 g - a +0 short sword
 i - a +0 dagger
 n - a +0 hand axe
 o - a +0 short sword
 s - a +0 short sword
 E - the +0 war axe "Ikluut" (weapon) {freeze, ^Fragile rN+ Str+2 Dex+7}
   (You took it off a hobgoblin on level 2 of the Dungeon)

   Str+2:     It affects your strength (+2).
   Dex+7:     It affects your dexterity (+7).
   rN+:       It protects you from negative energy.
   ^Fragile:  It will be destroyed if unequipped.
Missiles
 q - 3 poisoned darts
Armour
 c - a +0 leather armour (worn)
 l - a +0 cloak (worn)
 m - a +0 leather armour
 w - a +0 robe
 y - a +0 ring mail
Jewellery
 d - a ring of willpower (left hand)
 B - a ring of poison resistance
 C - a ring of magical power
Scrolls
 b - 2 scrolls of butterflies
 e - a scroll of revelation {unknown}
 h - a scroll of noise {unknown}
 k - a scroll of blinking {unknown}
 p - a scroll of teleportation {unknown}
 r - a scroll of immolation {unknown}
 u - a scroll of enchant weapon {unknown}
 v - 2 scrolls of fog {unknown}
 x - a scroll of amnesia {unknown}
 z - 3 scrolls of identify {unknown}
 D - a scroll of vulnerability {unknown}
Potions
 j - 3 potions of haste {unknown}
 t - a potion of enlightenment


   Skills:
 + Level 4.6 Fighting
 + Level 1.2 Short Blades
 + Level 1.2 Long Blades
 + Level 1.2 Axes
 + Level 1.2 Maces & Flails
 + Level 1.2 Polearms
 + Level 1.2 Staves
 + Level 8.6 Ranged Weapons
 + Level 1.2 Throwing
 + Level 1.2 Armour
 + Level 4.6 Dodging
 + Level 2.6 Stealth
 + Level 1.2 Shields
 + Level 1.2 Unarmed Combat
 + Level 1.2 Spellcasting
 + Level 1.0 Conjurations
 + Level 1.0 Hexes
 + Level 1.0 Summonings
 + Level 1.0 Necromancy
 + Level 1.0 Translocations
 + Level 1.0 Fire Magic
 + Level 1.0 Ice Magic
 + Level 1.0 Air Magic
 + Level 1.0 Earth Magic
 + Level 1.0 Alchemy
 + Level 1.3 Invocations
 + Level 1.2 Evocations
 + Level 1.1 Shapeshifting


You had 5 spell levels left.
You didn't know any spells.
Your spell library was empty.

Dungeon Overview and Level Annotations

Branches:
Dungeon (3/15)

Altars:


Innate Abilities, Weirdness & Mutations

You have very sharp teeth.
Your uncanny sense of smell can sniff out nearby items.
Your experience applies equally to all skills.


Message History

The gnoll hits you from afar with a +0 spear.
The gnoll closely misses you.
You hit the gnoll. You freeze the gnoll.
The gnoll is severely wounded.
You closely miss the gnoll. The gnoll closely misses you.
The gnoll barely misses you.
The gnoll hits you from afar with a +0 spear.
The gnoll closely misses you. The gnoll misses you.
You hit the gnoll. You freeze the gnoll.
You kill the gnoll!
You closely miss the gnoll. The gnoll barely misses you.
The gnoll closely misses you. The gnoll barely misses you.
The gnoll hits you from afar with a +0 spear.
You hit the gnoll. You freeze the gnoll.
The gnoll is severely wounded.
The gnoll hits you with a +0 flail.
* * * LOW HITPOINT WARNING * * *
The gnoll hits you but does no damage. The gnoll closely misses you.
The gnoll barely misses you.
The gnoll hits you from afar with a +0 spear.
* * * LOW HITPOINT WARNING * * *
You slash the gnoll! You freeze the gnoll.
You kill the gnoll!
The gnoll hits you from afar with a +0 spear.
* * * LOW HITPOINT WARNING * * *
The gnoll hits you from afar with a +0 spear.
* * * LOW HITPOINT WARNING * * *
The gnoll misses you.
Your Conjurations skill increases to level 1!
Your Hexes skill increases to level 1!
Your Summonings skill increases to level 1!
Your Necromancy skill increases to level 1!
Your Translocations skill increases to level 1!
Your Fire Magic skill increases to level 1!
Your Ice Magic skill increases to level 1!
Your Air Magic skill increases to level 1!
Your Earth Magic skill increases to level 1!
Your Alchemy skill increases to level 1!
The gnoll hits you with a +0 spear.
You die...

#..#....................
#.........).# #..... ##
##.........#######.....
.####.......†.<...........
..#...........#####......
#.#..........>..#........
...###.#.......)..........##.#
.............))........#......
....#....#..g@...........##.##
. .........###................
......?......g..#....######.#.
..........#.##..#....# #..)..
..........#.##....#### #.#.##
###....######......# #.#.#
##### ##.....# ####.#.#
##..>.###....#.##
#........##.....


You could see a gnoll.

Vanquished Creatures
  An adder (D:2)
  2 gnolls (D:3)
  A dart slug (D:3)
  An orc (D:3)
  3 bats
  2 endoplasms
  3 giant cockroaches (D:1)
  2 goblins
  6 hobgoblins
  3 jackals (D:2)
  6 kobolds
  3 quokkas
  5 ball pythons
  2 frilled lizards (D:2)
  11 rats
51 creatures vanquished.

Notes
Turn   | Place    | Note
-------+----------+-------------------------------------------
     0 | D:1      | uoaz the Gnoll Hunter began the quest for the Orb.
     0 | D:1      | Reached XP level 1. HP: 20/20 MP: 1/1
    69 | D:1      | Reached XP level 2. HP: 25/26 MP: 2/2
   683 | D:2      | Reached XP level 3. HP: 29/31 MP: 3/3
   744 | D:2      | Reached skill level 1 in Invocations
  1086 | D:2      | Reached skill level 1 in Short Blades
  1086 | D:2      | Reached skill level 1 in Long Blades
  1086 | D:2      | Reached skill level 1 in Axes
  1086 | D:2      | Reached skill level 1 in Maces & Flails
  1086 | D:2      | Reached skill level 1 in Polearms
  1086 | D:2      | Reached skill level 1 in Staves
  1086 | D:2      | Reached skill level 1 in Throwing
  1086 | D:2      | Reached skill level 1 in Armour
  1086 | D:2      | Reached skill level 1 in Shields
  1086 | D:2      | Reached skill level 1 in Unarmed Combat
  1086 | D:2      | Reached skill level 1 in Spellcasting
  1086 | D:2      | Reached skill level 1 in Evocations
  1350 | D:2      | Identified the +0 war axe "Ikluut" {freeze, ^Fragile rN+
                  | Str+2 Dex+7}
  1558 | D:3      | Reached skill level 1 in Shapeshifting
  1558 | D:3      | Reached XP level 4. HP: 31/38 MP: 5/5
  1639 | D:3      | Reached skill level 1 in Conjurations
  1639 | D:3      | Reached skill level 1 in Hexes
  1639 | D:3      | Reached skill level 1 in Summonings
  1639 | D:3      | Reached skill level 1 in Necromancy
  1639 | D:3      | Reached skill level 1 in Translocations
  1639 | D:3      | Reached skill level 1 in Fire Magic
  1639 | D:3      | Reached skill level 1 in Ice Magic
  1639 | D:3      | Reached skill level 1 in Air Magic
  1639 | D:3      | Reached skill level 1 in Earth Magic
  1639 | D:3      | Reached skill level 1 in Alchemy
  1639 | D:3      | Slain by a gnoll

Illustrated notes

Levels and vault maps discovered:
D:1:      minmay_arrival_five_plusses, layout_basic, st_stairs_5,
          minmay_domino_2
D:2:      layout_loops_ring
D:3:      layout_rooms, chequers_ecumenical_altar_lobes

Skill      XL: |  1  2  3  4 |
---------------+-------------+-----
Invocations    | 1 |  1.3
Short Blades   | 1 |  1.2
Long Blades    | 1 |  1.2
Axes           | 1 |  1.2
Maces & Flails | 1 |  1.2
Polearms       | 1 |  1.2
Staves         | 1 |  1.2
Throwing       | 1 |  1.2
Armour         | 1 |  1.2
Shields        | 1 |  1.2
Unarmed Combat | 1 |  1.2
Spellcasting   | 1 |  1.2
Evocations     | 1 |  1.2
Shapeshifting  | 1 |  1.1
Conjurations   | 1 |  1.0
Hexes          | 1 |  1.0
Summonings     | 1 |  1.0
Necromancy     | 1 |  1.0
Translocations | 1 |  1.0
Fire Magic     | 1 |  1.0
Ice Magic      | 1 |  1.0
Air Magic      | 1 |  1.0
Earth Magic    | 1 |  1.0
Alchemy        | 1 |  1.0
Fighting       | |  4.6
Ranged Weapons | |  8.6
Dodging        | |  4.6
Stealth        | |  2.6

Action                     |  1- 3 |  4- 6 || total
---------------------------+-------+-------++-------
  Melee: War axe           |    10 |    10 ||    20
         Bite              |       |     1 ||     1
   Fire: Shortbow          |   125 |       ||   125
    Use: Potion            |     4 |       ||     4
   Stab: Sleeping          |     1 |       ||     1
 Armour: Leather armour    |    26 |    14 ||    40
  Dodge: Dodged            |    44 |    23 ||    67

Table legend: (Time is in decaauts)
 A = Elapsed time spent in this place.
 B = Non-inter-level travel time spent in this place.
 C = Inter-level travel time spent in this place.
 D = Time resting spent in this place.
 E = Time spent auto-exploring this place.
 F = Levels seen in this place.
 G = Mean time per level.
                   A        B        C        D        E       F      G
               +--------+--------+--------+--------+--------+-----+--------+
         Total |   1649 |    331 |   1318 |      0 |      0 |   3 |  549.7 |
       Dungeon |   1649 |    331 |   1318 |      0 |      0 |   3 |  549.7 |
               +--------+--------+--------+--------+--------+-----+--------+

Top non-repeatable levels by time:
     D:2: 721 daAuts
     D:1: 679 daAuts
     D:3: 248 daAuts
